 Dungeon Crawl Stone Soup version 0.24-a0-203-gf0bc1e9 (webtiles) character file.

Game seed: 943212970515183574

4150 Nr616 the Slicer (level 10, -22/74 HPs)
             Began as a Vampire Hunter on Mar 25, 2019.
             Was a Priest of Makhleb.
             Annihilated by Gastronok (25 damage)
             ... on level 8 of the Dungeon on Mar 27, 2019.
             The game lasted 00:39:57 (13453 turns).

Nr616 the Slicer (Vampire Hunter)                  Turns: 13453, Time: 00:39:58

Health: -22/74     AC:  0    Str: 13    XL:     10   Next: 7%
Magic:  10/12      EV: 23    Int: 15    God:    Makhleb [***...]
Gold:   387        SH:  0    Dex: 20    Spells: 9/9 levels left

rFire    . . .     SeeInvis +   (weapon currently unavailable)
rCold    + . .     Gourm    .   (shield currently unavailable)
rNeg     + + .     Faith    .   (armour currently unavailable)
rPois    +         Spirit   .   (helmet currently unavailable)
rElec    .         Reflect  .   (cloak currently unavailable)
rCorr    .         Harm     .   (gloves currently unavailable)
MR       +....                  (boots currently unavailable)
Stlth    ++++++....             (no amulet)
HPRegen  0.11/turn              (ring currently unavailable)
MPRegen  0.13/turn              (ring currently unavailable)

@: bat-form, flying, regenerating slowly, slowed, quick
A: tiny, fangs 3, see invisible
a: End Transformation, Minor Destruction, Lesser Servant of Makhleb, Renounce
Religion


You were on level 8 of the Dungeon.
You worshipped Makhleb.
Makhleb was most pleased with you.
You were very thirsty.
You were in vampire-bat-form.
You visited 2 branches of the dungeon, and saw 9 of its levels.
You also visited: Sewer and Ossuary.

You collected 387 gold pieces.

Inventory:

Hand Weapons
 a - a +5 short sword (melded)
 b - a +0 short sword
 m - a +0 rapier
 o - a +1 hand crossbow
 w - a +0 dagger of venom
Missiles
 d - 55 bolts
Armour
 c - a +0 leather armour
 i - a +0 ring mail
 k - a scarf of spirit shield
 s - a +0 chain mail (melded)
 u - a +0 helmet (melded)
 O - a +2 cloak (melded)
Jewellery
 C - a +3 ring of strength (melded)
 J - a ring of protection from fire (melded)
Wands
 B - a wand of polymorph (9)
 N - a wand of flame (16)
Scrolls
 f - 6 scrolls of identify
 g - 2 scrolls of random uselessness {unknown}
 h - 3 scrolls of magic mapping {unknown}
 j - 6 scrolls of teleportation {unknown}
 n - 4 scrolls of amnesia {unknown}
 p - 3 scrolls of fear {unknown}
 q - a scroll of noise {unknown}
 r - 6 scrolls of remove curse {unknown}
 y - 3 scrolls of blinking {unknown}
 D - 3 scrolls of enchant armour {unknown}
 E - a scroll of fog {unknown}
 F - a scroll of acquirement {unknown}
 L - a scroll of vulnerability {unknown}
 P - a scroll of silence {unknown}
Potions
 e - 11 potions of blood
 l - a potion of haste
 t - 2 potions of magic
 v - 3 potions of cancellation
 x - 2 potions of might
 z - 2 potions of flight
 A - 3 potions of heal wounds
 G - 2 potions of ambrosia
 H - a potion of degeneration
 I - a potion of agility
 K - 2 potions of lignification
 M - 2 potions of curing


   Skills:
 * Level 5.2 Fighting
 - Level 12.0 Short Blades
 - Level 3.2 Crossbows
 + Level 4.7 Dodging
 + Level 7.5 Stealth
 + Level 3.6 Invocations


You had 9 spell levels left.
You didn't know any spells.
Your spell library contained the following spells:

 Spells                   Type           Power        Failure   Level  Hunger
 Shock                    Conj/Air       #...         26%         1    ##.....
 Sting                    Conj/Pois      #...         26%         1    ##.....
 Poisonous Vapours        Pois/Air       #.....       38%         2    ###....
 Swiftness                Chrm/Air       #.......     38%         2    ###....
 Mephitic Cloud           Conj/Pois/Air  #.......     63%         3    ####...
 Static Discharge         Conj/Air       #.......     63%         3    ####...
 Airstrike                Air            #.........   95%         4    #####..
 Olgreb's Toxic Radiance  Pois           #.......     95%         4    #####..
 Lightning Bolt           Conj/Air       #.........   100%        5    ######.
 Venom Bolt               Conj/Pois      #.........   100%        5    ######.


Dungeon Overview and Level Annotations

Branches:
Dungeon (8/15)             Temple (1/1) D:6
   Lair: D:8-11

Altars:
Dithmenos
Elyvilon
Fedhas
Gozag
Kikubaaqudgha
Makhleb
Nemelex Xobeh
Okawaru
Qazlal
Ru
Sif Muna
Trog
Uskayaw
Wu Jian
The Shining One

Annotations:
D:3 Grinder
D:8 Gastronok


Innate Abilities, Weirdness & Mutations

You heal slowly.
You have razor-sharp teeth.
You have supernaturally acute eyesight. (SInv)
((You can survive without breathing.))


Message History

You hit Gastronok.
Gastronok is moderately wounded.
Your chain mail prevents you from hitting Gastronok.
Gastronok is moderately wounded.
You puncture Gastronok!
Gastronok is heavily wounded.
Gastronok bites you!!
* * * LOW HITPOINT WARNING * * *
You puncture Gastronok! You bite Gastronok.
Gastronok is heavily wounded.
You turn into a vampire bat.
Your +5 short sword melds into your body.
Your +2 cloak melds into your body.
Your +0 helmet melds into your body.
Your +0 chain mail melds into your body.
Your +3 ring of strength melds into your body.
Your ring of protection from fire melds into your body.
You feel weaker.
Gastronok's eyestalks wobble, almost dislodging his wizard hat.
Gastronok bites you!!
You die...

.....# #.# #.....#
#. .....# #.#
#.....# #. .....#
#.#+#####.# #####.
###### #......# .#
#..... ....#
#!.....# #.....
....# #......#
###### ....#
#......+ ....#
#......#.....####
...##
#(.....#b.......#
...#
+.....bw........#
...#
#......##.......#
...# #......
#...^...# ...#
####### #.#######
...# #######+#.#
...#####..........#
..................#
##................#


You could see Gastronok and a bat.

Vanquished Creatures
  Joseph (D:7)
  2 hippogriffs (D:7)
  Eustachio (D:5)
  Edmund (D:6)
  2 sky beasts
  2 black bears
  An ice beast (D:7)
  An orc warrior (D:6)
  3 ogres
  3 big kobolds (Sewer)
  2 bullfrogs
  2 scorpions
  5 killer bees (D:8)
  2 howler monkeys
  4 crimson imps
  A bullfrog zombie (D:5)
  5 hounds
  3 jellies
  Crazy Yiuf (D:7)
  3 orc priests
  Jessica (D:3)
  A centaur skeleton (D:6)
  4 iguanas (D:5)
  Terence (D:3)
  6 orc wizards
  8 worker ants
  6 big kobold zombies (Ossuary)
  2 hound zombies
  A hound skeleton (D:8)
  A mummy (Ossuary)
  A worker ant zombie (D:5)
  6 gnolls
  15 adders
  A river rat (Sewer)
  4 shadow imps
  3 oozes
  6 worms
  3 dart slugs
  3 leopard geckos
  12 orcs
  4 spectral bats (Ossuary)
  9 ball pythons
  11 bats
  6 giant cockroaches
  6 gnoll zombies (Ossuary)
  5 goblins
  12 hobgoblins
  8 jackals
  18 kobolds
  2 quokkas
  4 bat simulacra (Ossuary)
  2 frilled lizards
  3 goblin simulacra (Ossuary)
  4 goblin zombies (Ossuary)
  2 hobgoblin zombies (Ossuary)
  3 kobold simulacra (Ossuary)
  3 kobold zombies (Ossuary)
  A leopard gecko zombie (D:8)
  9 orc zombies (Ossuary)
  A quokka skeleton (D:5)
  10 rats
  5 rat simulacra (Ossuary)
  3 spectral goblins (Ossuary)
  2 spectral kobolds (Ossuary)
  4 spectral rats (Ossuary)
267 creatures vanquished.

Notes
Turn   | Place    | Note
-------+----------+-------------------------------------------
     0 | D:1      | Nr616 the Vampire Hunter began the quest for the Orb.
     0 | D:1      | Reached XP level 1. HP: 16/16 MP: 1/1
   186 | D:1      | Reached skill level 1 in Short Blades
   192 | D:1      | Reached skill level 2 in Short Blades
   192 | D:1      | Reached XP level 2. HP: 10/22 MP: 2/2
   552 | D:1      | You fall through a shaft!
   722 | D:1      | Reached XP level 3. HP: 25/27 MP: 3/3
   866 | D:1      | Reached skill level 3 in Short Blades
  2343 | D:2      | Reached XP level 4. HP: 24/33 MP: 4/4
  2942 | D:2      | Reached skill level 4 in Short Blades
  3439 | D:3      | Noticed Jessica
  3461 | D:3      | Killed Jessica
  3461 | D:3      | Reached XP level 5. HP: 38/38 MP: 5/5
  3465 | D:3      | Noticed Grinder
  3470 | D:3      | Paralysed by Grinder for 2 turns
  3482 | D:3      | Paralysed by Grinder for 7 turns
  4007 | D:3      | Noticed Terence
  4174 | D:3      | Killed Terence
  4371 | D:3      | Paralysed by Grinder for 5 turns
  4580 | D:3      | Found a blossoming altar of Fedhas.
  4606 | D:3      | Found a deep blue altar of Sif Muna.
  4675 | D:3      | Paralysed by Grinder for 7 turns
  5542 | D:3      | Reached skill level 5 in Short Blades
  5629 | D:3      | Reached XP level 6. HP: 44/44 MP: 6/6
  6067 | D:4      | Reached skill level 6 in Short Blades
  6141 | D:5      | Entered Level 5 of the Dungeon
  6253 | D:5      | Reached skill level 7 in Short Blades
  6298 | D:5      | Upgraded the game from 0.24-a0-201-gf205589 to
                  | 0.24-a0-203-gf0bc1e9
  6307 | D:5      | Reached XP level 7. HP: 45/49 MP: 5/7
  6400 | D:5      | Found a glowing drain.
  6411 | Sewer    | Entered a sewer
  6842 | Sewer    | Reached skill level 8 in Short Blades
  7291 | D:5      | Reached skill level 9 in Short Blades
  7356 | D:5      | Noticed Eustachio
  7381 | D:5      | Killed Eustachio
  7381 | D:5      | Reached XP level 8. HP: 45/55 MP: 6/8
  7432 | D:5      | Found an iron altar of Okawaru.
  7779 | D:5      | Reached skill level 10 in Short Blades
  8747 | D:6      | Noticed Edmund
  8768 | D:6      | Killed Edmund
  9094 | D:5      | Reached skill level 11 in Short Blades
  9403 | D:6      | Found a staircase to the Ecumenical Temple.
  9424 | Temple   | Entered the Ecumenical Temple
  9450 | Temple   | Became a worshipper of Makhleb the Destroyer
  9904 | D:6      | Reached skill level 1 in Invocations
 10252 | D:7      | Noticed Joseph
 10747 | D:6      | Reached skill level 12 in Short Blades
 10747 | D:6      | Reached XP level 9. HP: 59/61 MP: 7/10
 11090 | D:7      | Reached skill level 5 in Stealth
 11494 | D:7      | Killed Joseph
 11901 | D:7      | Found a runed translucent door.
 11902 | D:7      | Noticed Crazy Yiuf
 12138 | D:7      | Killed Crazy Yiuf
 12271 | D:8      | Found a sand-covered staircase.
 12278 | Ossuary  | Entered an ossuary
 12296 | Ossuary  | Reached * piety under Makhleb
 12537 | Ossuary  | Reached ** piety under Makhleb
 12923 | D:8      | Reached *** piety under Makhleb
 12923 | D:8      | Reached skill level 5 in Fighting
 13355 | D:8      | Reached XP level 10. HP: 54/74 MP: 12/12
 13433 | D:8      | Noticed Gastronok
 13451 | D:8      | HP: 3/74 [Gastronok (32)]
 13453 | D:8      | Annihilated by Gastronok

Levels and vault maps discovered:
D:1:      minmay_arrival_hallway, layout_basic, serial_glass, glass_columns_a,
          glass_columns_a, minmay_strange_pillars, minmay_octomino_j4
D:2:      layout_loops_cross, minmay_close_crescents
D:3:      layout_basic, nicolae_overflow_crystal_walls, fedhas_altar_4,
          uniq_grinder, uniq_terence, uniq_jessica
D:4:      layout_rooms
D:5:      minmay_chambers_of_threes, layout_loops_ring, gup_sewer_entry_bubbles,
          first_ration, okawaru_metal_pillars_3, uniq_eustachio
D:6:      layout_loops_ring, minmay_temple_entry_water_ring, uniq_edmund
D:7:      layout_cave_pools, serial_glass, glass_columns_a, glass_columns_a,
          grunt_ogre_cave, uniq_joseph, uniq_crazy_yiuf_cottage
D:8:      layout_basic, chequers_ossuary_entry_cave, uniq_gastronok
Temple:   nicolae_temple_the_god_donut
Sewer:    sewer_co_15_rooms
Ossuary:  ossuary_zaba_two_paths

Skill      XL: |  1  2  3  4  5  6  7  8  9 |
---------------+----------------------------+-----
Short Blades   | 2 3 4 5 7 9 12 | 12.0
Stealth        | 2 3 4 7 |  7.5
Invocations    | 1 3 |  3.6
Fighting       | 5 |  5.2
Dodging        | 4 |  4.7
Crossbows      | |  3.2

Action                   |  1- 3 |  4- 6 |  7- 9 | 10-12 || total
-------------------------+-------+-------+-------+-------++-------
Melee: Short sword       |   152 |   203 |   790 |    47 ||  1192
       Bite              |     9 |    25 |    91 |     8 ||   133
       Rapier            |       |    82 |       |       ||    82
 Abil: Bat Form          |       |     2 |     2 |     1 ||     5
       End Transformatio |       |     2 |     2 |       ||     4
  Use: Potion            |     2 |     7 |    19 |       ||    28
       Scroll            |       |       |     8 |       ||     8
 Stab: Sleeping          |     6 |     9 |     8 |       ||    23
       Distracted        |       |     1 |       |       ||     1
Armor: Leather armour    |    41 |       |       |       ||    41
       Ring mail         |    20 |    72 |       |       ||    92
       Chain mail        |       |    30 |   249 |    12 ||   291
Dodge: Dodged            |   120 |   150 |   157 |     6 ||   433

Table legend:
 A = Non-vault XP
 B = Vault XP
 C = Vault XP percentage of total XP
 D = Non-vault monster count
 E = Vault monster count
 F = Vault count percentage of total count
                 A         B        C        D         E       F
            +---------+---------+-------+---------+---------+-------
      Total |    3964 |    1965 |  33.1 |     161 |     106 |  39.7
            +---------+---------+-------+---------+---------+-------
        D:1 |      69 |       6 |   8.0 |      27 |       4 |  12.9
        D:2 |      79 |       8 |   9.2 |      26 |       4 |  13.3
        D:3 |     151 |      73 |  32.6 |      22 |       2 |   8.3
        D:4 |      75 |       0 |   0.0 |       2 |       0 |   0.0
        D:5 |     698 |     440 |  38.7 |      25 |      14 |  35.9
        D:6 |     689 |     162 |  19.0 |      16 |       1 |   5.9
        D:7 |    1087 |     633 |  36.8 |      19 |       3 |  13.6
        D:8 |    1116 |       0 |   0.0 |      24 |       0 |   0.0
      Sewer |       0 |     404 | 100.0 |       0 |      19 | 100.0
    Ossuary |       0 |     239 | 100.0 |       0 |      59 | 100.0
            +---------+---------+-------+---------+---------+-------
